Map: Jagannatha LE

Players

Talrand - Winner!

  • Race: Zerg Zerg
  • League: Diamond

tetec

  • Race: Terran Terran
  • League: Diamond

VOD

Have the link to the VOD?

Description

Time

  • Played on: July 22, 2021, 10:29 p.m.
  • Length: 16:48
Show
View Real Time Build Order
Export as new Build Order

Talrand Zerg - Winner!

Build Orders: Hatch First, Lurkers 

Get SALT Encoding   

  12  0:00  Drone  
  13  0:12  Overlord  
  13  0:17  Drone  
  14  0:30  Drone x2  
  16  0:37  Drone  
  17  0:46  Drone  
  18  0:58  Hatchery  
  18  1:01  Drone  
  18  1:02  Extractor  
  17  1:15  Drone, Spawning Pool  
  17  1:20  Drone  
  18  1:28  Drone  
  19  1:46  Overlord  
  19  2:03  Zergling x4  
  19  2:04  Queen  
  23  2:12  Queen  
  23  2:14  Drone x2  
  27  2:19  Metabolic Boost  
  27  2:29  Drone  
  29  2:30  Drone  
  29  2:32  Drone  
  29  2:33  Drone  
  31  2:48  Queen  
  31  2:50  Drone  
  34  2:57  Overlord  
  33  2:58  Hatchery  
  33  3:00  Drone x2  
  34  3:09  Drone x2  
  35  3:16  Overlord  
  35  3:17  Drone x3  
  38  3:31  Drone  
  38  3:32  Drone x4  
  43  3:35  Roach Warren  
  43  3:40  Drone x2  
  44  3:45  Extractor  
  43  3:56  Drone x5  
  43  4:02  Overlord  
  48  4:04  Drone  
  48  4:08  Lair  
  49  4:12  Drone  
  49  4:13  Queen  
  52  4:19  Drone  
  52  4:20  Drone x4  
  57  4:25  Extractor  
  56  4:32  Roach x3  
  56  4:33  Roach x2  
  56  4:34  Overlord  
  66  4:46  Overlord x3  
  66  5:02  Overlord x3  
  66  5:04  Queen  
  66  5:05  Drone  
  66  5:06  Drone  
  70  5:09  Drone x8  
  78  5:20  Roach x4  
  78  5:21  Roach  
  84  5:34  Roach x3  
  84  5:35  Roach x4  
  90  5:43  Roach  
  90  5:44  Queen  
  90  5:45  Queen  
  86  5:51  Evolution Chamber  
  86  5:53  Hydralisk Den  
  86  5:56  Roach x5  
  85  6:16  Hatchery  
  82  6:20  Queen  
  82  6:24  Hydralisk  
  82  6:25  Hydralisk x3  
  92  6:28  Hydralisk  
  94  6:33  Hatchery  
  94  6:35  Overlord x2, Extractor  
  92  6:43  Drone x4  
  96  6:47  Hydralisk  
  96  6:48  Hydralisk  
  100  7:02  Ravager x4  
  100  7:05  Ravager  
  105  7:11  Drone x3  
  105  7:12  Extractor  
  107  7:18  Drone x2  
  107  7:25  Overseer  
  107  7:26  Overseer  
  102  7:41  Drone  
  102  7:42  Drone x10  
  113  7:47  Zerg Missile Weapons Level 1  
  113  7:48  Muscular Augments  
  113  7:54  Drone x8  
  113  7:58  Drone x4  
  125  8:03  Extractor  
  125  8:04  Overlord x2  
  124  8:06  Extractor  
  124  8:08  Extractor  
  122  8:14  Infestation Pit  
  122  8:18  Lurker Den  
  120  8:28  Drone x11  
  131  8:44  Overseer  
  131  8:57  Hydralisk x2  
  131  8:58  Hydralisk x4  
  131  8:59  Overlord  
  131  9:00  Overlord x6  
  143  9:16  Hatchery, Drone x2  
  144  9:18  Overlord x2, Drone  
  144  9:19  Overlord x5  
  144  9:21  Hive  
  145  9:25  Drone  
  145  9:26  Drone x4  
  150  9:33  Queen  
  150  9:35  Hatchery  
  151  9:45  Queen  
  153  9:48  Lurker x8, Extractor x2  
  153  9:49  Lurker x3  
  153  9:51  Zerg Missile Weapons Level 2  
  153  9:52  Grooved Spines  
  162  9:57  Drone x2  
  162  9:58  Drone  
  162  9:59  Drone x3  
  168  10:11  Hydralisk x2  
  168  10:12  Hydralisk x7  
  186  10:29  Evolution Chamber  
  186  10:32  Seismic Spines  
  170  10:51  Viper x3, Roach  
  170  10:55  Hydralisk x2  
  170  10:56  Hydralisk  
  187  11:15  Zerg Ground Armor Level 1  
  187  11:18  Hatchery  
  186  11:21  Hatchery  
  185  11:29  Adaptive Talons  
  167  12:06  Extractor  
  167  12:07  Extractor  
  132  12:09  Hydralisk x20  
  132  12:10  Hydralisk x6  
  146  12:25  Spawning Pool  
  146  12:27  Zerg Missile Weapons Level 3  
  143  12:32  Pneumatized Carapace  
  128  12:50  Hydralisk  
  128  12:51  Hydralisk x14  
  138  13:07  Drone x3  
  138  13:08  Drone x3  
  144  13:19  Drone x3  
  147  13:20  Drone x3  
  147  13:25  Hatchery  
  149  13:27  Extractor  
  149  13:28  Roach x3  
  149  13:33  Lair  
  154  13:43  Roach x2  
  154  13:44  Roach x9  
  176  14:09  Zerg Melee Weapons Level 1  
  176  14:12  Hydralisk x2  
  176  14:16  Zergling x24  
  176  14:17  Zergling x16  
  200  14:26  Overlord x3  
  200  14:27  Overlord  
  200  14:30  Hatchery  
  199  14:33  Overseer  
  179  15:15  Ravager x10  
  179  15:17  Zergling x22  
  196  15:35  Roach x12  
  193  15:36  Roach x3  
  164  15:48  Queen  
  164  15:54  Spore Crawler x2  
  161  16:00  Queen x2  
  159  16:11  Hydralisk  
  159  16:12  Hydralisk x17  
Show
View Real Time Build Order
Export as new Build Order

tetec Terran 

Build Orders: Mech 

Get SALT Encoding   

  12  0:00  SCV  
  13  0:12  SCV  
  14  0:17  Supply Depot  
  14  0:24  SCV  
  15  0:39  SCV  
  15  0:42  Barracks  
  16  0:51  SCV, Refinery  
  17  1:03  SCV  
  18  1:15  SCV  
  19  1:27  SCV  
  20  1:34  Command Center  
  20  1:36  Barracks Reactor  
  20  1:40  SCV  
  21  1:49  Supply Depot  
  21  1:52  SCV  
  22  2:08  Orbital Command  
  22  2:12  Bunker  
  22  2:14  Marine  
  22  2:15  Marine  
  24  2:26  Factory  
  24  2:34  Refinery  
  24  2:35  SCV  
  25  2:39  Marine  
  25  2:41  Marine  
  27  2:50  Orbital Command  
  27  2:54  SCV  
  28  3:11  SCV  
  29  3:15  Starport, Barracks Tech Lab  
  29  3:21  SCV  
  29  3:23  SCV  
  29  3:26  Hellion  
  29  3:27  Hellion  
  35  3:32  Supply Depot  
  35  3:33  SCV  
  36  3:35  Marauder  
  36  3:36  Concussive Shells  
  36  3:40  SCV  
  39  3:45  SCV  
  39  3:48  Hellion x2  
  44  3:54  Medivac  
  46  3:59  Armory  
  46  4:04  Supply Depot  
  46  4:05  Marauder  
  46  4:09  Hellion  
  50  4:10  Hellion  
  50  4:14  SCV  
  50  4:15  SCV  
  54  4:31  Hellion  
  56  4:32  Hellion  
  56  4:37  Starport Reactor  
  58  4:39  Stimpack  
  58  4:47  Barracks  
  58  4:48  Barracks  
  58  5:00  Widow Mine x2  
  58  5:06  Command Center  
  56  5:46  Widow Mine  
  56  5:47  Marauder  
  56  5:48  Liberator  
  61  5:50  Barracks Tech Lab x2  
  61  6:01  SCV  
  61  6:03  Refinery  
  62  6:04  Refinery  
  62  6:09  SCV  
  60  6:13  SCV  
  55  6:21  SCV  
  54  6:28  Supply Depot  
  54  6:29  Supply Depot  
  54  6:30  Supply Depot  
  54  6:31  Combat Shield  
  54  6:32  Supply Depot  
  54  6:33  Widow Mine x2  
  54  6:38  Orbital Command  
  58  6:51  Engineering Bay  
  58  6:52  SCV  
  58  6:53  Engineering Bay, SCV  
  60  6:58  Marauder  
  60  7:00  Widow Mine x2  
  66  7:01  Reaper  
  66  7:02  Marauder  
  66  7:04  SCV  
  66  7:05  SCV  
  71  7:14  SCV  
  72  7:16  Medivac  
  72  7:17  Medivac, SCV x2  
  72  7:19  Marauder  
  80  7:26  SCV  
  80  7:28  Barracks  
  81  7:33  Factory  
  81  7:39  Factory  
  81  7:46  Terran Infantry Armor Level 1, Terran Infantry Weapons Level 1  
  84  7:58  Siege Tank  
  84  7:59  Marine x2  
  84  8:00  Liberator  
  84  8:02  Medivac  
  84  8:04  Marine x2  
  93  8:09  SCV  
  93  8:10  SCV x2  
  96  8:17  Supply Depot  
  96  8:19  Supply Depot  
  94  8:42  Barracks Reactor  
  94  8:43  Barracks Reactor  
  94  8:44  Marine  
  94  8:45  Marine  
  92  8:58  Orbital Command  
  92  9:04  Siege Tank x3  
  101  9:12  Barracks Reactor, Marine x2  
  103  9:34  Missile Turret  
  103  9:35  Missile Turret x2  
  103  9:36  Siege Tank x2  
  112  9:38  Siege Tank  
  112  9:41  Marine  
  112  9:42  Marine x5  
  118  9:52  Missile Turret  
  118  9:55  Missile Turret  
  118  9:56  Marine x2  
  118  9:59  Marine x4  
  121  10:00  Marine  
  125  10:12  Command Center  
  125  10:40  Marine x3  
  125  10:42  Marine  
  125  10:44  Medivac  
  125  10:45  Medivac, Marine x2  
  125  11:23  Supply Depot, Marine x8, Terran Vehicle Weapons Level 1, Liberator x2  
  125  11:24  Supply Depot  
  139  11:32  Orbital Command  
  139  11:41  Marine  
  139  11:44  Siege Tank x2, Marine x2  
  139  11:45  Marine x5  
  153  11:59  Marine  
  154  12:03  Marine x2  
  154  12:04  Marine  
  154  12:05  Thor  
  142  12:16  Siege Tank  
  130  12:49  Orbital Command  
  130  12:50  Marine  
  130  12:51  Marine x7  
  117  12:53  Siege Tank x3  
  117  12:54  Medivac x2  
  129  13:08  Marine  
  129  13:09  Marine x4  
  134  13:23  SCV  
  134  13:24  SCV x3  
  138  13:34  Refinery  
  138  13:35  SCV  
  138  13:36  SCV x3, Missile Turret  
  138  13:38  Refinery  
  138  13:40  Thor x2  
  154  13:42  Marine x2  
  156  13:55  Missile Turret  
  156  13:57  Missile Turret  
  156  14:01  Missile Turret  
  156  14:08  Supply Depot  
  156  14:09  Supply Depot x2  
  156  14:10  Supply Depot  
  156  14:11  Supply Depot  
  156  14:12  Supply Depot  
  156  14:13  Terran Vehicle Weapons Level 2  
  156  14:15  Terran Infantry Weapons Level 2  
  156  14:29  Medivac, Marine x4, SCV x2  
  156  14:30  Thor, Marine x2  
  156  14:31  Medivac, Marine x2, SCV  
  177  14:36  Refinery  
  177  14:37  Refinery  
  174  14:47  Marine x4  
  174  14:48  Marine x2  
  174  14:49  Marine x2  
  182  14:59  Liberator  
  185  15:01  Medivac  
  185  15:04  Marine  
  156  15:36  Marine  
  156  15:37  Marine x7  
  121  15:54  Marine  
  121  15:55  Marine x7  
  125  16:11  Siege Tank x3  
  134  16:12  Marine  
  134  16:13  Marine x3  
  134  16:14  Medivac x2  
Tags
 
Add a new tag
Caveats
  • Supply blocks, unpowered buildings, or Contaminate may cause inaccurate times.
  • Supply counts are checked every 10 seconds.